 Dungeon Crawl Stone Soup version 0.28-a0-1080-g05a166d0ed (webtiles) character file.

Game seed: 7385479337824046355

2133 ytrimaz the Martial Artist (level 9, -3/53 HPs)
             Began as an Octopode Transmuter on Dec 9, 2021.
             Was an Initiate of Ashenzari.
             Slain by a troll (11 damage)
             ... on level 7 of the Dungeon.
             The game lasted 00:07:47 (7607 turns).

ytrimaz the Martial Artist (Octopode Transmuter)    Turns: 7607, Time: 00:07:47

Health: -3/53      AC:  1    Str:  9    XL:     9   Next: 30%
Magic:  10/15      EV: 13    Int: 19    God:    Ashenzari [......]
Gold:   336        SH:  5    Dex: 13    Spells: 8/16 levels left

rFire   . . .      SeeInvis .     - Unarmed
rCold   . . .      Faith    .   (no shield)
rNeg    . . .      Spirit   .   (helmet restricted)
rPois   .          Reflect  +   h - amulet "Restrained Gloom" {Reflect SH+5, Cun, Evo} (curse)
rElec   .          Harm     .   b - ring of flight
rCorr   .          Rampage  .   (no ring)
Will    .....                   (no ring)
Stlth   ++........              (no ring)
HPRegen 0.17/turn               (no ring)
MPRegen 0.14/turn               (no ring)
                                (no ring)
                                (no ring)

@: mighty, on berserk cooldown, flying, slowed, invisible, very slow
A: almost no armour, amphibious, 8 rings, camouflage 1, gelatinous body 1,
(nimble swimmer 1), tentacles
a: Renounce Religion, Curse Item, Shatter the Chains


You were on level 7 of the Dungeon.
You worshipped Ashenzari.
Ashenzari was noncommittal.
You visited 2 branches of the dungeon, and saw 8 of its levels.

You collected 336 gold pieces.

Inventory:

Jewellery
 b - a ring of flight (left tentacle)
 d - a ring of fire
 h - the cursed amulet "Restrained Gloom" (around mantle) {Reflect SH+5, Cun, Evo}
   (You found it on level 2 of the Dungeon)

   [amulet of reflection]

   It reflects blocked missile attacks.
   SH:        It affects your SH (+5).
   It has a curse which improves the following skills: Cunning: Dodging and
   Stealth.
   Evocations: Evocations.
 s - a +6 ring of dexterity
Wands
 e - a wand of iceblast (16) (quivered)
 n - a wand of acid (1)
Scrolls
 c - a scroll of torment
 o - a scroll of blinking
 p - a scroll of teleportation
 r - a scroll of enchant weapon {unknown}
Potions
 a - a potion of might
 f - 3 potions of brilliance
 j - 2 potions of mutation {unknown}
 k - a potion of ambrosia {unknown}
 l - a potion of haste {unknown}
 m - a potion of attraction {unknown}
 q - a potion of cancellation {unknown}


   Skills:
 - Level 1.0 Fighting
 - Level 2.0(2.4) Dodging
 + Level 3.0 Shields
 + Level 9.8 Unarmed Combat
 + Level 4.2 Spellcasting
 + Level 4.3 Transmutations
 + Level 0.9 Ice Magic
 + Level 3.2 Poison Magic
 + Level 1.4(1.8) Evocations


You had 8 spell levels left.
You knew the following spells:

 Your Spells              Type           Power      Damage    Failure   Level
a - Beastly Appendage     Tmut           40%        N/A       2%          1
b - Spider Form           Tmut/Pois      18%        N/A       9%          3
c - Ice Form              Ice/Tmut       14%        N/A       41%         4

Your spell library contained the following spells:

 Spells                   Type           Power      Damage    Failure   Level
 Wereblood                Tmut           20%        N/A       3%          2
 Static Discharge         Conj/Air       4%         N/A       21%         2
 Olgreb's Toxic Radiance  Pois           16%        N/A       34%         4
 Dispel Undead            Necr           4%         3d7       80%         4
 Sticky Flame             Conj/Fire      4%         2d3       80%         4
 Ozocubu's Refrigeration  Ice            3%         4d5       100%        7
 Ignition                 Fire           2%         3d3       100%        8


Dungeon Overview and Level Annotations

Branches:
Dungeon (7/15)             Temple (1/1) D:4

Altars:
Ashenzari
Dithmenos
Elyvilon
Kikubaaqudgha
Makhleb
Nemelex Xobeh
Okawaru
Qazlal
Ru
Trog
Vehumet
Wu Jian
Xom
Yredelemnul
Zin

Shops:
D:5 *

Annotations:
D:4 1 runed translucent door, Crazy Yiuf


Innate Abilities, Weirdness & Mutations

You cannot wear most types of armour.
You are amphibious.
You can wear up to eight rings at the same time.
Your skin changes colour to match your surroundings (Stealth+).
Your rubbery body absorbs attacks. (AC +1, EV +1)
((You are camouflaged near water. (Stealth+)))
You have tentacles for arms and can constrict up to eight enemies at once.


Message History

You barely miss the killer bee. The killer bee misses you.
You hit the killer bee.
The killer bee is poisoned.
The killer bee is moderately wounded.
The killer bee completely misses you.
You catch the helpless killer bee completely off-guard!
You bite the killer bee!
You kill the killer bee!
The killer bee buzzes angrily.
The killer bee buzzes angrily.
You see here a killer bee corpse.
You feel a strong urge to attack something.
You bite the howler monkey!
The howler monkey is poisoned.
The howler monkey is heavily wounded.
The killer bee buzzes angrily.
The howler monkey barely misses you.
You hit the howler monkey.
The howler monkey is almost dead.
You strike the helpless howler monkey from behind!
You bite the howler monkey!
You kill the howler monkey!
Your Poison Magic skill increases to level 3!
You maul the killer bee!!
You kill the killer bee!
You see here a howler monkey corpse.
You bite the howler monkey!
The howler monkey looks as sick as possible!
The howler monkey is severely wounded.
You are no longer berserk.
You are exhausted.
You feel yourself slow down.
The ogre shouts!
You barely miss the howler monkey.
The howler monkey is severely wounded.
You kill the howler monkey!
Unknown command.
You bite the troll!
The troll is moderately wounded.
Your transformation has ended.
The troll barely misses you. x2; The troll claws you!
You die...

........# ........#
........# .....<..##
.5..... #..5# #O# #T#
# #@# # ###.# #.# .#
..#.### #†# ..#
#......# #†###..#
#......#.#.#...#
#######........#...#
......<..........###
##...........###.####
##.####......#......#


You could see a troll, an ogre (wandering) and a white imp.

Vanquished Creatures
  Sigmund (D:5)
  A wyvern (D:7)
  A steam dragon (D:7)
  Edmund (D:5)
  A water moccasin (D:6)
  A black bear (D:4)
  A sky beast (D:4)
  2 necrophages
  An ogre (D:5)
  2 phantoms
  A kobold brigand (D:6)
  A scorpion (D:4)
  A water moccasin skeleton (D:6)
  3 killer bees (D:7)
  5 howler monkeys
  A centaur zombie (D:6)
  A hound (D:7)
  A jelly (D:6)
  An iguana (D:4)
  2 orc wizards (D:4)
  A killer bee zombie (D:6)
  5 adders
  2 white imps
  2 ufetubi
  An adder zombie (D:5)
  A worm (D:5)
  2 dart slugs (D:3)
  13 orcs
  3 bats
  8 endoplasms
  5 giant cockroaches
  7 goblins
  6 hobgoblins
  5 jackals
  6 quokkas
  6 ball pythons
  3 frilled lizards
  5 kobolds
  5 rats
115 creatures vanquished.

Vanquished Creatures (others)
  A butterfly (D:6)
  2 fungi (D:4)
3 creatures vanquished.

Grand Total: 118 creatures vanquished

Notes
Turn   | Place    | Note
-------+----------+-------------------------------------------
     0 | D:1      | ytrimaz the Octopode Transmuter began the quest for the
                  | Orb.
     0 | D:1      | Reached XP level 1. HP: 13/13 MP: 3/3
   170 | D:1      | Reached XP level 2. HP: 18/18 MP: 5/5
   876 | D:2      | Reached XP level 3. HP: 16/23 MP: 6/6
   988 | D:2      | Learned a level 3 spell: Spider Form
  1499 | D:2      | Reached skill level 4 in Unarmed Combat
  1563 | D:2      | Found a faded altar of an unknown god.
  2133 | D:3      | Reached XP level 4. HP: 25/28 MP: 7/7
  2604 | D:3      | Found a sparkling altar of Nemelex Xobeh.
  3133 | D:4      | Reached skill level 5 in Unarmed Combat
  3151 | D:4      | Reached XP level 5. HP: 9/33 MP: 4/8
  3491 | D:4      | Found a staircase to the Ecumenical Temple.
  3498 | Temple   | Entered the Ecumenical Temple
  3668 | D:4      | Noticed a black bear
  3679 | D:4      | Killed a black bear
  3680 | D:4      | Reached skill level 6 in Unarmed Combat
  3680 | D:4      | Reached XP level 6. HP: 26/38 MP: 3/9
  3979 | D:4      | Reached skill level 1 in Shields
  4275 | D:4      | Reached skill level 1 in Poison Magic
  4575 | D:4      | Noticed a sky beast
  4585 | D:4      | Killed a sky beast
  4586 | D:4      | Reached XP level 7. HP: 43/43 MP: 4/11
  4721 | D:4      | Found a broken altar of Ashenzari.
  4732 | D:4      | Became a worshipper of Ashenzari the Shackled
  4991 | D:4      | Found a runed translucent door.
  4992 | D:4      | Noticed Crazy Yiuf
  5055 | D:5      | Entered Level 5 of the Dungeon
  5368 | D:5      | Noticed Sigmund
  5372 | D:5      | Killed Sigmund
  5373 | D:5      | Reached skill level 7 in Unarmed Combat
  5469 | D:5      | Noticed Edmund
  5504 | D:5      | Killed Edmund
  5810 | D:5      | Learned a level 4 spell: Ice Form
  5814 | D:5      | Found a bloodstained altar of Trog.
  5820 | D:5      | Reached XP level 8. HP: 38/48 MP: 4/12
  5820 | D:5      | Found Liyggese's General Store.
  5830 | D:5      | Reached skill level 8 in Unarmed Combat
  6215 | D:6      | Found a basalt altar of Yredelemnul.
  6769 | D:6      | Reached skill level 1 in Evocations
  6785 | D:6      | Found a white marble altar of Elyvilon.
  7505 | D:7      | Reached skill level 9 in Unarmed Combat
  7563 | D:7      | Noticed a wyvern
  7563 | D:7      | Noticed a troll
  7577 | D:7      | Reached XP level 9. HP: 31/53 MP: 10/14
  7607 | D:7      | Slain by a troll

Illustrated notes

Levels and vault maps discovered:
D:1:      saegor_arrival_simple_a, layout_basic, item_on_display_a
D:2:      layout_rooms, hellmonk_ecumenical_altar_blasted, interstate_on_off,
          grunt_ministairs_1
D:3:      layout_basic, lemuel_tele_altar
D:4:      layout_loops_ring, mainiacjoe_overflow_surrounded_room,
          minmay_temple_entry_slanted, uniq_crazy_yiuf_cottage
D:5:      layout_loops_ring, nicolae_overflow_hidden_temple, serial_shops, shop,
          uniq_sigmund, uniq_edmund
D:6:      layout_loops_ring, yredelemnul_altar_generic,
          nicolae_elyvilon_peaceful_grove, st_stairs_12, nrook_campfire
D:7:      layout_rooms
Temple:   zaba_magenta_temple

Skill      XL: |  1  2  3  4  5  6  7  8  9 |
---------------+----------------------------+-----
Unarmed Combat | 4 5 6 7 9 |  9.8
Shields        | 1 2 3 |  3.0
Poison Magic   | 1 2 3 |  3.2
Spellcasting   | 3 4 |  4.2
Transmutations | 3 4 |  4.3
Evocations     | 1 |  1.4
Fighting       | |  1.0
Dodging        | |  2.0
Ice Magic      | |  0.9

Action                   |  1- 3 |  4- 6 |  7- 9 || total
-------------------------+-------+-------+-------++-------
Melee: Unarmed           |   111 |   115 |   153 ||   379
       Constrict         |    22 |    15 |    18 ||    55
       Tentacles         |    10 |     8 |    15 ||    33
       Punch             |     2 |     4 |     6 ||    12
       Kick              |       |     4 |     9 ||    13
 Cast: Spider Form       |       |     6 |     6 ||    12
       Beastly Appendage |       |     1 |     3 ||     4
       Ice Form          |       |       |     1 ||     1
Invok: Curse Item        |       |       |     1 ||     1
Evoke: Wand              |       |       |     5 ||     5
  Use: Scroll            |     3 |     5 |     3 ||    11
       Potion            |       |     3 |     3 ||     6
 Stab: Sleeping          |     6 |     4 |     3 ||    13
       Invisible         |       |       |     3 ||     3
Armor: Skin              |     5 |     2 |     9 ||    16
Dodge: Dodged            |    80 |    65 |    79 ||   224
Block: Other             |     4 |    25 |    25 ||    54

Table legend: (Time is in decaauts)
 A = Elapsed time spent in this place.
 B = Non-inter-level travel time spent in this place.
 C = Inter-level travel time spent in this place.
 D = Time resting spent in this place.
 E = Time spent auto-exploring this place.
 F = Levels seen in this place.
 G = Mean time per level.
                   A        B        C        D        E       F      G
               +--------+--------+--------+--------+--------+-----+--------+
         Total |   7561 |   7349 |    212 |      0 |   6305 |   8 |  945.1 |
       Dungeon |   7469 |   7257 |    212 |      0 |   6255 |   7 | 1067.0 |
        Temple |     91 |     91 |      0 |      0 |     50 |   1 |   91.0 |
               +--------+--------+--------+--------+--------+-----+--------+

Top non-repeatable levels by time:
     D:4: 1905 daAuts
     D:6: 1281 daAuts
     D:3: 1242 daAuts
     D:5: 1133 daAuts
     D:2: 956 daAuts
     D:1: 838 daAuts
     D:7: 112 daAuts
  Temple: 91 daAuts
